 Dungeon Sprint DCSS version 0.19-a0-1201-gda63bca (webtiles) character file.

621 rageheart7 the Bludgeoner (level 7, 0/87 HPs)
             Began as an Ogre Berserker on Aug 20, 2016.
             Was a Believer of Trog.
             Succumbed to Sonja's poison
             ... in the Dungeon (Sprint I: "Red Sonja").
             The game lasted 00:01:47 (965 turns).

rageheart7 the Bludgeoner (Ogre Berserker)           Turns: 965, Time: 00:01:48

Health: 0/87       AC:  3    Str: 25    XL:     7   Next: 46%
Magic:  7/7        EV: 10    Int:  6    God:    Trog [**....]
Gold:   255        SH:  0    Dex:  9    Spells: 0 memorised, 6 levels left

rFire  . . .     SeeInvis .     k - +0 giant club
rCold  . . .     Gourm    .     b - +0 animal skin
rNeg   . . .     Faith    .     (shield currently unavailable)
rPois  .         Spirit   .     (helmet restricted)
rElec  .         Dismiss  .     (no cloak)
rCorr  .         Reflect  .     (gloves unavailable)
MR     ++...     Harm     .     (boots unavailable)
Stlth  +......... NoTele   +    (no amulet)
                                (no ring)
                                (no ring)

@: lethally poisoned (0 -> -14), exhausted, starving, regenerating, slowed, very
slow
A: unfitting armour, tough skin 1
a: Berserk, Trog's Hand, Burn Spellbooks, Renounce Religion


You were in the Dungeon.
You worshipped Trog.
Trog was pleased with you.
You were starving.

You visited 1 branch You collected 255 gold pieces.

Inventory:

Hand Weapons
 a - a +0 mace
 k - a +0 giant club (weapon)
Armour
 b - a +0 animal skin (worn)
Scrolls
 i - a scroll of blinking
Potions
 e - a potion of might {unknown}
 g - 2 potions of magic
 h - a potion of berserk rage
Comestibles
 c - a bread ration


   Skills:
 - Level 10.3 Fighting
 * Level 17.1 Maces & Flails
 - Level 2.6 Dodging


You had 6 spell levels left.
You didn't know any spells.

Dungeon Overview and Level Annotations

Branches:
Dungeon (1/1)

Altars:
Cheibriados
Dithmenos
Elyvilon
Fedhas
Gozag
Hepliaklqana
Kikubaaqudgha
Makhleb
Nemelex Xobeh
Okawaru
Qazlal
Ru
Sif Muna
Trog
Uskayaw
Vehumet
Xom
Yredelemnul
Zin
The Shining One
Jiyva
Lugonu

Shops:
D *

Annotations:
D Sonja


Innate Abilities, Weirdness & Mutations

You are too large for most types of armour.
You have tough skin. (AC +1)


Message History

Sonja shoots a curare-tipped needle.
The curare-tipped needle hits you.
You are poisoned.
You have difficulty breathing.
* * * LOW HITPOINT WARNING * * *
You feel as though you will be slow longer.
Okay, then.
You feel very sick.
Sonja unwields an uncursed blowgun.
Sonja wields an uncursed dagger of venom.
It begins to drip with poison!
Sonja hits you with an uncursed dagger of venom.
* * * LOW HITPOINT WARNING * * *
You are more poisoned.
Sonja hits you with an uncursed dagger of venom.
* * * LOW HITPOINT WARNING * * *
Sonja hits you with an uncursed dagger of venom.
* * * LOW HITPOINT WARNING * * *
You are more poisoned.
You miss Sonja.
You die...

#..'[.#..').#..'..+
#..#####+#####'#__#
# #..###
#...#.####((#
#..#__####..##.#§≈§§
#..#_____##'#..+§§§
#⌠⌠#_.∩...÷.(._#§§§
####_..__##_(#'# +
#_____###(#(#
####### #@###


+$K$+ #$.$# ##.## #+# You could see Sonja.

Vanquished Creatures
  A slime creature (D)
  Sigmund (D)
  A yak (D)
  An ogre (D)
  A jelly (D)
  Ijyb (D)
6 creatures vanquished.

Notes
Turn   | Place    | Note
-------+----------+-------------------------------------------
     0 | D        | rageheart7 the Ogre Berserker began the quest for the Orb.
     0 | D        | Reached XP level 1. HP: 24/24 MP: 1/1
     2 | D        | Noticed Ijyb
    34 | D        | Killed Ijyb
    34 | D        | Reached skill level 5 in Fighting
    34 | D        | Reached skill level 7 in Maces & Flails
    34 | D        | Reached XP level 2. HP: 4/36 MP: 2/2
    34 | D        | Reached XP level 3. HP: 5/44 MP: 3/3
   410 | D        | Noticed an ogre
   418 | D        | Killed an ogre
   418 | D        | Reached skill level 10 in Maces & Flails
   418 | D        | Reached XP level 4. HP: 57/57 MP: 4/4
   453 | D        | Noticed Sigmund
   475 | D        | Killed Sigmund
   475 | D        | Reached ** piety under Trog
   475 | D        | Reached skill level 10 in Fighting
   475 | D        | Reached skill level 13 in Maces & Flails
   475 | D        | Reached XP level 5. HP: 16/70 MP: 5/5
   475 | D        | Reached XP level 6. HP: 18/79 MP: 6/6
   759 | D        | Found a burning altar of Makhleb.
   759 | D        | Found a viscous altar of Jiyva.
   759 | D        | Found a shimmering altar of Xom.
   759 | D        | Found a corrupted altar of Lugonu.
   759 | D        | Noticed a slime creature
   765 | D        | Killed a slime creature
   765 | D        | Reached skill level 15 in Maces & Flails
   765 | D        | Reached XP level 7. HP: 51/87 MP: 7/7
   770 | D        | Found a deep blue altar of Sif Muna.
   772 | D        | Found a radiant altar of Vehumet.
   773 | D        | Reached skill level 16 in Maces & Flails
   919 | D        | Found Camiloq's Assorted Antiques.
   919 | D        | Found an ancient bone altar of Kikubaaqudgha.
   919 | D        | Found a hazy altar of Hepliaklqana.
   919 | D        | Found a hide-covered altar of Uskayaw.
   919 | D        | Found a basalt altar of Yredelemnul.
   919 | D        | Found an opulent altar of Gozag.
   919 | D        | Found a snail-covered altar of Cheibriados.
   919 | D        | Found a sacrificial altar of Ru.
   919 | D        | Found a shadowy altar of Dithmenos.
   919 | D        | Noticed a yak
   922 | D        | Killed a yak
   922 | D        | Reached skill level 17 in Maces & Flails
   923 | D        | Found a stormy altar of Qazlal.
   923 | D        | Found a blossoming altar of Fedhas.
   923 | D        | Found a bloodstained altar of Trog.
   923 | D        | Found an iron altar of Okawaru.
   923 | D        | Found a glowing golden altar of the Shining One.
   923 | D        | Found a glowing silver altar of Zin.
   923 | D        | Found a white marble altar of Elyvilon.
   926 | D        | Found a sparkling altar of Nemelex Xobeh.
   949 | D        | Noticed Sonja
   964 | D        | HP: 2/87 [Sonja/uncursed dagger of venom (6)]
   965 | D        | Succumbed to Sonja's poison

Vault maps used:
D:        dungeon_sprint_1

Skill      XL: |  1  2  3  4  5  6  7 |
---------------+----------------------+-----
Fighting       | 5 8 10 | 10.3
Maces & Flails | 7 10 13 15 17 | 17.1
Dodging        | |  2.6

Action                   |  1- 3 |  4- 6 |  7- 9 || total
-------------------------+-------+-------+-------++-------
Melee: Mace              |    38 |    13 |       ||    51
       Giant club        |       |     5 |    15 ||    20
Invok: Berserk           |     1 |     2 |     1 ||     4
       Trog's Hand       |       |     1 |     1 ||     2
  Use: Potion            |       |     2 |     1 ||     3
  Eat: Chunk             |       |     2 |     1 ||     3
Armor: Animal skin       |     9 |       |     4 ||    13
Dodge: Dodged            |    18 |     8 |    12 ||    38
